 Dungeon Crawl Stone Soup version 0.18.1-47-g9310371 (webtiles) character file.

800 jxk254 the Ducker (level 7, 0/61 HPs)
             Began as a White Draconian Berserker on June 15, 2016.
             Was a Priest of Trog.
             Slain by a river rat (5 damage)
             ... in a sewer.
             The game lasted 00:22:16 (5184 turns).

jxk254 the Ducker (White Draconian Berserker)       Turns: 5184, Time: 00:22:17

Health: 0/61       AC:  8    Str: 19 (21) XL:     7   Next: 59%
Magic:  7/7        EV:  9    Int:  7      God:    Trog [***...]
Gold:   239        SH: 14    Dex: 11      Spells: 0 memorised, 6 levels left

rFire  . . .     SeeInvis .     s - +2 morningstar (drain)
rCold  + . .     Gourm    .     (armour unavailable)
rNeg   . . .     Faith    .     q - +2 large shield
rPois  .         Spirit   .     (helmet restricted)
rElec  .         Dismiss  .     (no cloak)
rCorr  .         Reflect  .     (no gloves)
SustAt .         Harm     +     l - +1 pair of boots
MR     .....                    n - amulet of harm
Stlth  ++........               (no ring)
                                (no ring)

@: not resistant to hostile enchantments, unstealthy
A: breathe frost, unfitting armour, cold resistance 1, cold-blooded, AC +6
a: Breathe Frost, Berserk, Trog's Hand, Burn Spellbooks, Renounce Religion


You were in a sewer.
You worshipped Trog.
Trog was most pleased with you.
You were not hungry.

You visited 1 branch of the dungeon, and saw 5 of its levels.
You also visited: Sewer.

You collected 239 gold pieces.

Inventory:

Hand Weapons
 a - a +0 hand axe
 p - a +2 mace of holy wrath
 s - a +2 morningstar of draining (weapon)
Armour
 l - a +1 pair of boots (worn)
 q - a +2 large shield (worn)
Jewellery
 n - an amulet of harm (around neck)
Scrolls
 f - a scroll of remove curse
 m - a scroll of teleportation
 o - a scroll of recharging
 r - 2 scrolls of identify
Potions
 h - a potion of lignification
Miscellaneous
 k - a plain deck of defence
Comestibles
 b - 4 bread rations
 c - 2 beef jerkies
 d - 5 chunks of flesh
 i - 2 slices of pizza
 j - 4 meat rations


   Skills:
 + Level 5.3 Fighting
 - Level 4.2(4.7) Axes
 * Level 2.7(3.9) Maces & Flails
 + Level 5.8 Dodging
 + Level 1.5 Stealth
 + Level 1.3 Shields


You had 6 spell levels left.
You didn't know any spells.

Dungeon Overview and Level Annotations

Branches:
Dungeon (5/15)             Temple (0/1) D:4

Altars:
Fedhas
Gozag
Kikubaaqudgha
Nemelex Xobeh
Pakellas
Vehumet


Innate Abilities, Weirdness & Mutations

You can breathe waves of freezing cold.
You can buffet flying creatures when you breathe cold.
Your icy white scales are hard (AC +6).
Your body does not fit into most forms of armour.
Your flesh is cold resistant.
You are cold-blooded and may be slowed by cold attacks.


Message History

Trog accepts your kill. You block the rat's attack. The river rat bites you.
* * * LOW HITPOINT WARNING * * *
You barely miss the river rat.
Your tail-slap misses the river rat.
You block the rat's attack. The river rat bites you.
* * * LOW HITPOINT WARNING * * *
The river rat bites you but does no damage.
The rat bites you.
* * * LOW HITPOINT WARNING * * *
You hit the river rat but do no damage. You drain the river rat!
Your tail-slap misses the river rat.
The river rat is lightly wounded.
You block the river rat's attack. x2; You block the rat's attack.
The river rat barely misses you.
You hit the river rat but do no damage. You drain the river rat!
Your tail-slap misses the river rat.
The river rat is moderately wounded.
You block the river rat's attack. The rat bites you but does no damage.
The river rat bites you.
You die...

≈≈≈≈≈≈≈≈≈≈≈≈≈.....#
≈≈≈≈≈≈≈≈≈≈≈≈≈.....##
≈≈≈≈≈≈≈≈≈≈≈≈≈......#
##############.....#
##....## #.†...#
##....# ##rr..#
#.@r..# ##....##
##############.....#
≈≈≈≈≈≈≈≈≈≈≈≈≈......#
≈≈≈≈≈≈≈≈÷≈≈≈≈.....##
≈≈≈≈≈≈≈≈≈≈≈≈≈.....#
≈≈≈≈≈≈≈≈≈≈≈≈≈....##
≈≈≈≈≈≈≈≈≈≈≈≈≈...##
≈≈≈≈≈≈≈≈≈≈≈≈≈.###


You could see 2 river rats and a rat.

Vanquished Creatures
  4 ogres
  A scorpion (D:4)
  A howler monkey (D:4)
  A hound (D:4)
  2 orc priests
  Jessica (D:2)
  Robin (D:3)
  3 gnolls
  9 adders
  A river rat (Sewer)
  3 worms
  3 dart slugs
  5 giant geckos
  11 orcs
  3 ball pythons
  10 giant cockroaches
  13 goblins
  15 hobgoblins
  6 jackals
  5 bats
  A giant gecko skeleton (D:5)
  4 giant newts
  5 kobolds
  14 rats
122 creatures vanquished.

Notes
Turn   | Place    | Note
--------------------------------------------------------------
     0 | D:1      | jxk254 the Draconian Berserker began the quest for the Orb.
     0 | D:1      | Reached XP level 1. HP: 19/19 MP: 1/1
   116 | D:1      | Reached XP level 2. HP: 19/26 MP: 2/2
   724 | D:1      | Reached XP level 3. HP: 27/33 MP: 3/3
   813 | D:2      | Found an opulent altar of Gozag.
  1775 | D:2      | Reached XP level 4. HP: 36/40 MP: 4/4
  1780 | D:2      | Found a faded altar to an unknown god.
  1881 | D:2      | Found a sparkling altar of Nemelex Xobeh.
  2175 | D:2      | Reached ** piety under Trog
  2268 | D:2      | Found an ancient bone altar of Kikubaaqudgha.
  2274 | D:2      | Found a blossoming altar of Fedhas.
  2287 | D:2      | Found an oddly glowing altar of Pakellas.
  2340 | D:2      | Noticed Jessica
  2351 | D:2      | Killed Jessica
  2769 | D:3      | You fall through a shaft!
  3027 | D:4      | Found a staircase to the Ecumenical Temple.
  3034 | D:4      | Noticed an ogre
  3044 | D:4      | Killed an ogre
  3044 | D:4      | Reached XP level 5. HP: 36/47 MP: 5/5
  3083 | D:4      | Reached XP level 6. HP: 18/53 MP: 6/6
  3403 | D:4      | Reached skill level 1 in Stealth
  3617 | D:4      | Reached skill level 1 in Maces & Flails
  3617 | D:4      | Reached skill level 5 in Dodging
  3729 | D:4      | Reached skill level 5 in Fighting
  3729 | D:4      | Your scales start taking on an icy white colour.
  3729 | D:4      | Reached XP level 7. HP: 21/61 MP: 7/7
  3729 | D:4      | Gained mutation: Your flesh is cold resistant. [White Draconian growth]
  4581 | D:3      | Noticed Robin
  4603 | D:2      | Reached *** piety under Trog
  4776 | D:3      | Killed Robin
  4871 | D:3      | Received a gift from Trog
  4898 | D:3      | Found a radiant altar of Vehumet.
  4993 | D:5      | Entered Level 5 of the Dungeon
  4993 | D:5      | Found a glowing drain.
  4995 | D:5      | Reached skill level 1 in Shields
  5049 | Sewer    | Entered a sewer
  5184 | Sewer    | Slain by a river rat

Skill      XL: |  1  2  3  4  5  6  7 |
---------------+----------------------+-----
Dodging        | 3 4 5 |  5.8
Fighting       | 4 5 |  5.3
Axes           | 4 |  4.2
Stealth        | 1 |  1.5
Maces & Flails | 1 2 |  2.7
Shields        | 1 |  1.3

Action                   |  1- 3 |  4- 6 |  7- 9 || total
-------------------------+-------+-------+-------++-------
Melee: Hand axe          |   129 |    98 |       ||   227
       Tailslap          |    19 |    24 |     9 ||    52
       Mace              |       |    30 |    53 ||    83
       Morningstar       |       |       |   110 ||   110
Invok: Berserk           |     1 |     2 |       ||     3
  Use: Scroll            |     2 |     3 |     8 ||    13
       Potion            |     2 |     3 |     3 ||     8
 Stab: Sleeping          |       |       |     1 ||     1
  Eat: Fruit             |     3 |       |       ||     3
       Pizza             |     1 |       |       ||     1
       Chunk             |       |     8 |     5 ||    13
Armor: Skin              |    33 |    39 |    51 ||   123
Dodge: Dodged            |    69 |   108 |    58 ||   235
Block: Large shield      |       |       |   113 ||   113
